 Dungeon Crawl Stone Soup version 0.30-a0-341-g682706514a (webtiles) character file.

Game seed: 12101717395228291509

3752 Lobster4 the Skirmisher (level 9, -6/73 HPs)
             Began as a Minotaur Hunter on Nov 1, 2022.
             Was a Follower of Hepliaklqana.
             Mangled by a troll (12 damage)
             ... on level 9 of the Dungeon.
             The game lasted 00:19:49 (6575 turns).

Lobster4 the Skirmisher (Minotaur Hunter)           Turns: 6575, Time: 00:19:50

Health: -6/73      AC:  8    Str: 18    XL:     9   Next: 93%
Magic:  10/10      EV: 13    Int:  6    God:    Hepliaklqana [*.....]
Gold:   357        SH:  0    Dex: 18    Spells: 8/8 levels left

rFire   . . .      SeeInvis +    a - +1 longbow (freeze)
rCold   . . .      Faith    .    (shield currently unavailable)
rNeg    . . .      Spirit   .    C - +1 leather armour "Ellureatyd" {Str+2}
rPois   +          Reflect  .    (helmet restricted)
rElec   .          Harm     .    i - +2 cloak
rCorr   .          Rampage  .    (no gloves)
Will    .....                    (no boots)
Stlth   ++........               (no amulet)
HPRegen 0.32/turn                y - ring of poison resistance
MPRegen 0.12/turn                N - ring of see invisible

@: about to teleport
A: reduced essence, horns 2, retaliatory headbutt
a: Renounce Religion, Recall Ancestor, Ancestor Identity


You were on level 9 of the Dungeon.
You worshipped Hepliaklqana.
Hepliaklqana was aware of your devotion.
You visited 2 branches of the dungeon, and saw 10 of its levels.

You collected 548 gold pieces.
You spent 191 gold pieces at shops.

Inventory:

Hand Weapons
 a - a +1 longbow of freezing (weapon)
 b - a +5 flail
 k - a +1 flail of protection
 x - a +1 shortbow of draining
 D - a +2 quarterstaff of speed
 E - a +0 vorpal hand axe
 L - a +1 hammer of holy wrath
Missiles
 m - 4 silver boomerangs
 o - 15 boomerangs
 r - 7 poisoned darts
 s - 3 throwing nets
 t - 3 atropa-tipped darts
Armour
 d - a +0 ring mail
 i - a +2 cloak (worn)
 u - a +0 plate armour
 C - the +1 leather armour "Ellureatyd" (worn) {Str+2}
   (You found it on level 5 of the Dungeon)

   Str:       It affects your strength (+2).
Jewellery
 c - a ring of protection from cold
 y - a ring of poison resistance (left hand)
 J - a ring of protection from fire
 N - a ring of see invisible (right hand)
Wands
 F - a wand of mindburst (12)
 M - a wand of paralysis (6)
Scrolls
 f - 2 scrolls of immolation
 g - a scroll of fear {unknown}
 v - a scroll of identify
 G - 3 scrolls of enchant armour {unknown}
Potions
 e - 6 potions of curing
 h - 2 potions of attraction {unknown}
 j - 2 potions of lignification {unknown}
 l - 2 potions of mutation {unknown}
 n - a potion of cancellation
 p - 3 potions of heal wounds {unknown}
 q - a potion of ambrosia {unknown}
 z - a potion of flight
 A - a potion of resistance
 B - a potion of brilliance
 K - 2 potions of berserk rage


   Skills:
 + Level 8.9 Fighting
 - Level 1.0(1.1) Maces & Flails
 - Level 0.6(1.0) Staves
 * Level 11.4 Ranged Weapons
 - Level 2.0 Throwing
 - Level 6.0 Armour
 - Level 3.0 Dodging
 - Level 1.0 Stealth
 - Level 3.0 Invocations
 - Level 3.0 Evocations


You had 8 spell levels left.
You didn't know any spells.
Your spell library contained the following spells:

 Spells                   Type           Power      Damage    Failure   Level
 Freeze                   Ice            0%         1d3       50%         1
 Frozen Ramparts          Ice            0%         1d1       86%         3
 Gell's Gravitas          Tloc           0%         N/A       86%         3
 Hailstorm                Conj/Ice       0%         3d3       86%         3
 Inner Flame              Hex/Fire       0%         N/A       86%         3
 Teleport Other           Tloc           0%         N/A       86%         3
 Ice Form                 Ice/Tmut       0%         N/A       99%         4
 Manifold Assault         Tloc           0%         N/A       99%         4
 Freezing Cloud           Conj/Ice/Air   0%         6-21      100%        5
 Dispersal                Tloc           0%         N/A       100%        6
 Simulacrum               Ice/Necr       0%         N/A       100%        6
 Disjunction              Tloc           0%         N/A       100%        8


Dungeon Overview and Level Annotations

Branches:
Dungeon (9/15)             Temple (1/1) D:6
   Lair: D:8-11         Orc: D:9-12

Altars:
Ashenzari
Cheibriados
Elyvilon
Fedhas
Hepliaklqana
Kikubaaqudgha
Nemelex Xobeh
Okawaru
Ru
Sif Muna
Uskayaw
Vehumet
Xom
Yredelemnul
Zin
The Shining One

Shops:
D:2 :   D:4 (   D:5 (   D:8 (


Innate Abilities, Weirdness & Mutations

Your life essence is reduced to manifest your ancestor. (-10% HP)
You have a pair of horns on your head.
You reflexively headbutt those who attack you in melee.


Message History

The arrow freezes the troll.
The troll is lightly wounded.
Zorana barely misses the troll.
The troll bites Zorana.
The troll claws Zorana.
The troll claws Zorana!
You shoot an arrow. Zorana avoids your attack.
The arrow barely misses the troll.
Zorana closely misses the troll.
The troll bites Zorana!
The troll closely misses Zorana.
The troll claws Zorana!
Zorana is destroyed!
You shoot an arrow.
The arrow hits the troll but does no damage.
The troll is lightly wounded.
You shoot an arrow.
The arrow hits the troll but does no damage.
You shoot an arrow. The arrow hits the troll!
The arrow freezes the troll.
The troll is moderately wounded.
You shoot an arrow. The arrow barely misses the troll.
The troll bites you. The troll claws you but does no damage.
The troll closely misses you. The troll bites you.
The troll claws you but does no damage. The troll claws you!
You shoot an arrow.
The arrow hits the troll but does no damage.
The troll is moderately wounded.
The troll bites you! The troll claws you. The troll claws you!
You are too injured to fight recklessly!
The troll attacks as you move away! The troll barely misses you.
The troll claws you!
* * * LOW HITPOINT WARNING * * *
The troll claws you.
* * * LOW HITPOINT WARNING * * *
Okay, then.
Unknown command.
Okay, then.
Unknown command.
As you read the scroll of teleportation, it crumbles to dust.
You feel strangely unstable. The troll completely misses you.
The troll closely misses you. The troll claws you!
* * * LOW HITPOINT WARNING * * *
The troll attacks as you move away! The troll bites you!
You die...

#..# # #..# ##.## ..#.....# #..#.
#.#.....# #..#. #.......# #.#..#.
#.#....#. #.#..#. #.###....
#.#..#.###############.#....T.
##.#..#.......@T........#.##.#.
#.....##......########........§
#.......)............(.≈≈≈≈≈≈≈§
###....###......########.≈......§
.......# #..........# ##.≈.♣.♣♣♣.
######.# ######.....###..≈.♣...
#.#.# #.....##...≈.♣ _.♣
####.#.########.....##.#.≈.♣ ..♣
.....#.##................≈.♣


You could see a troll.

Vanquished Creatures
  A two-headed ogre (D:9)
  Pikel (D:7)
  Joseph (D:8)
  Prince Ribbit (D:6)
  A wyvern (D:6)
  Grum (D:8)
  A water moccasin (D:6)
  A black bear (D:7)
  2 wolves (D:8)
  2 bullfrogs (D:8)
  A necrophage (D:6)
  3 scorpions
  5 wights (D:8)
  7 howler monkeys
  5 hounds
  2 orc priests
  Crazy Yiuf (D:7)
  Jessica (D:2)
  4 iguanas
  2 orc wizards
  12 adders
  An ufetubus (D:7)
  A worm (D:5)
  5 dart slugs
  20 orcs
  4 bats
  10 endoplasms
  3 giant cockroaches
  7 goblins
  5 hobgoblins
  3 kobolds
  4 quokkas
  3 training dummies (D:4)
  4 ball pythons
  4 frilled lizards
  3 rats
132 creatures vanquished.

Vanquished Creatures (collateral kills)
  A howler monkey (D:8)
1 creature vanquished.

Vanquished Creatures (others)
  2 wights (D:8)
  3 ancestors
5 creatures vanquished.

Grand Total: 138 creatures vanquished

Notes
Turn   | Place    | Note
-------+----------+-------------------------------------------
     0 | D:1      | Lobster4 the Minotaur Hunter began the quest for the Orb.
     0 | D:1      | Reached XP level 1. HP: 18/18 MP: 0/0
   275 | D:1      | Reached skill level 1 in Stealth
   282 | D:1      | Reached XP level 2. HP: 11/25 MP: 1/1
   412 | D:1      | Reached skill level 1 in Armour
   867 | D:2      | Reached XP level 3. HP: 30/30 MP: 2/2
   886 | D:2      | Noticed Jessica
  1241 | D:2      | Found an ancient bone altar of Kikubaaqudgha.
  1388 | D:2      | Found Muptaniw's Book Shop.
  1571 | D:3      | Reached XP level 4. HP: 38/38 MP: 3/3
  1788 | D:3      | Reached skill level 5 in Ranged Weapons
  1797 | D:3      | Reached skill level 1 in Maces & Flails
  1906 | D:3      | Found a hide-covered altar of Uskayaw.
  2266 | D:3      | Reached XP level 5. HP: 43/46 MP: 4/4
  2411 | D:2      | Killed Jessica
  2643 | D:4      | Found a sacrificial altar of Ru.
  2711 | D:4      | Reached XP level 6. HP: 37/53 MP: 5/5
  2910 | D:4      | Found Zeplaut's Firing Range.
  2955 | D:4      | Reached skill level 1 in Throwing
  3262 | D:4      | Bought a +0 longbow of freezing for 191 gold pieces
  3287 | D:5      | Entered Level 5 of the Dungeon
  3406 | D:5      | Found Kovosabaem's Weapon Boutique.
  3439 | D:5      | Reached skill level 6 in Ranged Weapons
  3446 | D:5      | Reached skill level 5 in Fighting
  3470 | D:5      | Reached XP level 7. HP: 56/61 MP: 6/6
  3470 | D:5      | Identified the +1 leather armour "Ellureatyd" {Str+2}
  3764 | D:5      | Found a radiant altar of Vehumet.
  4039 | D:6      | Found a staircase to the Ecumenical Temple.
  4044 | D:6      | Reached skill level 7 in Ranged Weapons
  4049 | Temple   | Entered the Ecumenical Temple
  4057 | Temple   | Became a worshipper of Hepliaklqana the Forgotten
  4169 | D:6      | Reached skill level 5 in Armour
  4209 | D:6      | Noticed a wyvern
  4213 | D:6      | Killed a wyvern
  4214 | D:6      | Reached XP level 8. HP: 53/70 MP: 7/7
  4434 | D:6      | Noticed Prince Ribbit
  4439 | D:6      | Killed Prince Ribbit
  4440 | D:6      | Reached skill level 8 in Ranged Weapons
  4440 | D:6      | Reached skill level 1 in Invocations
  4666 | D:6      | Found a glowing golden altar of the Shining One.
  4824 | D:7      | Noticed Pikel
  4846 | D:7      | Killed Pikel
  4847 | D:7      | Reached skill level 9 in Ranged Weapons
  5066 | D:7      | Found a runed translucent door.
  5067 | D:7      | Noticed Crazy Yiuf
  5109 | D:7      | Found a snail-covered altar of Cheibriados.
  5114 | D:7      | Reached XP level 9. HP: 79/79 MP: 10/10
  5140 | D:7      | Reached * piety under Hepliaklqana
  5238 | D:7      | Got Sif Muna's Directory of the Inferno and Firn
  5492 | D:7      | Killed Crazy Yiuf
  5536 | D:8      | Found Typi's Weapon Shoppe.
  5664 | D:8      | Found a glowing silver altar of Zin.
  5715 | D:8      | Reached skill level 10 in Ranged Weapons
  5734 | D:8      | Noticed Grum
  5745 | D:8      | Reached skill level 1 in Evocations
  5749 | D:8      | Killed Grum
  5751 | D:8      | Noticed Joseph
  5973 | D:8      | Found a shimmering altar of Xom.
  5994 | D:8      | Killed Joseph
  6227 | D:8      | Found an iron altar of Okawaru.
  6436 | D:9      | Noticed a two-headed ogre
  6440 | D:9      | Killed a two-headed ogre
  6441 | D:9      | Reached skill level 11 in Ranged Weapons
  6549 | D:9      | Found an ancient bone altar of Kikubaaqudgha.
  6553 | D:9      | Noticed a troll
  6575 | D:9      | Mangled by a troll

Illustrated notes

Levels and vault maps discovered:
D:1:      lemuel_arrival_room, layout_basic, kennysheep_boxes
D:2:      layout_loops_cross, serial_shops, nicolae_lakefront_shop, basic_altar,
          uniq_jessica
D:3:      layout_basic, mainiacjoe_overflow_paths, nicolae_titane
D:4:      layout_basic, amcnicky_altar_gilded, amcnicky_mini_pool_small,
          nicolae_shop_firing_range
D:5:      layout_gridville, mainiacjoe_overflow_catwalk, serial_shops,
          nicolae_shop_bloodbath_and_beyond
D:6:      layout_loops_cross, tso_oasis_becter, minmay_temple_entry_waves,
          uniq_prince_ribbit1
D:7:      layout_loops_ring, mainiacjoe_overflow_chevrons, uniq_pikel,
          uniq_crazy_yiuf_cottage
D:8:      layout_rooms, mainiacjoe_overflow_tiny_flanked, zin_statuary,
          okawaru_trees_2, serial_shops, nicolae_shop_hallway_stairs, uniq_grum,
          uniq_joseph
D:9:      layout_basic, general_overflow_altar, kennysheep_little_box,
          mainiacjoe_overflow_brackets, due_lair_maze_entry_diamond,
          orc_0_dummy, small_statue_intersection
Temple:   eino_temple_lava

Skill      XL: |  1  2  3  4  5  6  7  8  9 |
---------------+----------------------------+-----
Stealth        | 1 |  1.0
Armour         | 1 2 3 4 5 6 |  6.0
Fighting       | 3 4 5 6 7 8 |  8.9
Dodging        | 3 |  3.0
Ranged Weapons | 5 6 7 9 11 | 11.4
Maces & Flails | 1 |  1.0
Throwing       | 1 2 |  2.0
Invocations    | 2 3 |  3.0
Evocations     | 3 |  3.0
Staves         | |  0.6

Action                   |  1- 3 |  4- 6 |  7- 9 || total
-------------------------+-------+-------+-------++-------
Melee: Hand axe          |     1 |       |       ||     1
       Whip              |     6 |    24 |    18 ||    48
       Headbutt          |     2 |     4 |     5 ||    11
 Fire: Shortbow          |    67 |   116 |       ||   183
       Longbow           |       |    13 |   147 ||   160
  Use: Scroll            |       |     8 |    13 ||    21
Armor: Ring mail         |     9 |    19 |       ||    28
       Leather armour    |       |       |    18 ||    18
Dodge: Dodged            |    21 |    34 |    20 ||    75

Table legend: (Time is in decaauts)
 A = Elapsed time spent in this place.
 B = Non-inter-level travel time spent in this place.
 C = Inter-level travel time spent in this place.
 D = Time resting spent in this place.
 E = Time spent auto-exploring this place.
 F = Levels seen in this place.
 G = Mean time per level.
                   A        B        C        D        E       F      G
               +--------+--------+--------+--------+--------+-----+--------+
         Total |   6675 |   6371 |    304 |    698 |   4577 |  10 |  667.5 |
       Dungeon |   6658 |   6354 |    304 |    698 |   4577 |   9 |  739.8 |
        Temple |     16 |     16 |      0 |      0 |      0 |   1 |   16.0 |
               +--------+--------+--------+--------+--------+-----+--------+

Top non-repeatable levels by time:
     D:4: 878 daAuts
     D:8: 867 daAuts
     D:3: 851 daAuts
     D:7: 831 daAuts
     D:2: 825 daAuts
     D:1: 819 daAuts
     D:5: 716 daAuts
     D:6: 683 daAuts
     D:9: 184 daAuts
  Temple: 16 daAuts
